 Dungeon Crawl Stone Soup version 0.20.0-6-gd3061e9 (webtiles) character file.

24 Gorglomux the Grasshopper (level 3, 0/33 HPs)
             Began as a Naga Warper on May 28, 2017.
             Slain by a rat (3 damage)
             ... on level 2 of the Dungeon.
             The game lasted 00:01:07 (1285 turns).

Gorglomux the Grasshopper (Naga Warper)             Turns: 1285, Time: 00:01:08

Health: 0/33       AC:  2    Str: 14    XL:     3   Next: 2%
Magic:  6/6        EV:  9    Int: 13    God:
Gold:   52         SH:  0    Dex: 10    Spells: 6/6 levels left

rFire    . . .     SeeInvis +   a - +0 spear
rCold    . . .     Gourm    .   (no shield)
rNeg     . . .     Faith    .   b - +0 leather armour
rPois    +         Spirit   .   (no helmet)
rElec    .         Reflect  .   (no cloak)
rCorr    .         Harm     .   (no gloves)
MR       .....                  (no barding)
Stlth    +.........             (no amulet)
Regen    0.2/turn               (no ring)
MPRegen  0.1/turn               (no ring)

@: very slow
A: see invisible, deformed body, poison resistance, slowness 2, slow metabolism
1, spit poison 1, AC +1
a: Spit Poison


You were on level 2 of the Dungeon.
You were not hungry.

You visited 1 branch of the dungeon, and saw 2 of its levels.

You collected 52 gold pieces.

Inventory:

Hand Weapons
 a - a +0 spear (weapon)
Missiles
 e - 5 tomahawks of dispersal (quivered)
Armour
 b - a +0 leather armour (worn)
Scrolls
 B - a scroll of blinking
 C - a scroll of enchant armour {unknown}
 G - a scroll of immolation {unknown}
 H - a scroll of teleportation {unknown}
 J - a scroll of remove curse {unknown}
Potions
 E - 2 potions of lignification {unknown}
Books
 c - a book of Spatial Translocations

   Spells                             Type                      Level
   a - Blink                          Translocation                2
   b - Shroud of Golubria             Charms/Translocation         2
   c - Lesser Beckoning               Translocation                3
   d - Gell's Gravitas                Translocation                3
   e - Teleport Other                 Translocation                3
   f - Passage of Golubria            Translocation                4
Comestibles
 f - a bread ration
 z - 3 meat rations
 I - a chunk of flesh


   Skills:
 + Level 2.9 Fighting
 + Level 2.6 Polearms
 - Level 0.8 Throwing
 - Level 0.7 Armour
 - Level 1.5 Dodging
 - Level 2.0 Spellcasting
   Level 3.0 Translocations


You had 6 spell levels left.
You didn't know any spells.

Dungeon Overview and Level Annotations

Branches:
Dungeon (2/15)

Altars:


Innate Abilities, Weirdness & Mutations

You cannot wear boots.
Your serpentine skin is tough. (AC +1)
You have supernaturally acute eyesight. (SInv)
Armour fits poorly on your strangely shaped body.
Your system is resistant to poisons. (rPois)
You cover ground very slowly.
You have a slow metabolism.
You can spit poison.


Message History

The bat closely misses you.
A rat comes into view.
The bat barely misses you. The bat closely misses you.
The bat closely misses you. The bat hits you but does no damage.
The rat closely misses you. The bat hits you.
* * * LOW HITPOINT WARNING * * *
The rat barely misses you.
A quokka comes into view.
The bat barely misses you. The rat bites you but does no damage.
The bat hits you but does no damage. The rat bites you but does no damage.
The bat hits you.
* * * LOW HITPOINT WARNING * * *
The quokka completely misses you. The quokka bites you.
* * * LOW HITPOINT WARNING * * *
The bat hits you but does no damage.
The quokka bites you but does no damage.
The rat bites you.
You die...

#......# .# #...#
.#..# #.b## ..#.###
.. #..# ##.#...##
#.# #..#
##.......##..#
#.####........#..#
#....w..........####
#.###...............
#.###...r@.......#
#.......br..<..#.
#..##..........#
#.............##
#..##..........#
#.###..........# #.#
#..........#
#.#............#
###.#.<........#


You could see a worm, a quokka, a bat and a rat.

Vanquished Creatures
  An ooze (D:1)
  4 bats (D:1)
  A goblin (D:1)
  5 hobgoblins
  A kobold (D:1)
  A ball python (D:1)
  A frilled lizard (D:1)
  5 rats
19 creatures vanquished.

Vanquished Creatures (others)
  4 toadstools (D:1)
4 creatures vanquished.

Grand Total: 23 creatures vanquished

Notes
Turn   | Place    | Note
-------+----------+-------------------------------------------
     0 | D:1      | Gorglomux the Naga Warper began the quest for the Orb.
     0 | D:1      | Reached XP level 1. HP: 19/19 MP: 3/3
   727 | D:1      | Reached XP level 2. HP: 26/27 MP: 5/5
  1273 | D:2      | Reached XP level 3. HP: 4/33 MP: 6/6
  1285 | D:2      | Slain by a rat

Action                   || total
-------------------------++-------
Melee: Spear             ||    64
 Abil: Spit Poison       ||     2
Armor: Leather armour    ||    21
Dodge: Dodged            ||    33
